Map: Ruines d’Endion

Players

zidar

  • Race: Zerg Zerg
  • League: Silver
  • Spawn Location: 5:00

Roshyo - Winner!

  • Race: Protoss Protoss
  • League: Silver
  • Spawn Location: 7:00

VOD

Have the link to the VOD?

Description

Time

  • Played on: April 27, 2016, 12:17 a.m.
  • Length: 12:35
Show
View Real Time Build Order
Export as new Build Order

zidar Zerg 

Build Orders: Pool First 

Get SALT Encoding   

  12  0:01  Drone  
  13  0:08  Drone  
  14  0:17  Overlord  
  14  0:22  Extractor  
  14  0:23  Drone  
  15  0:44  Drone x2  
  17  0:55  Spawning Pool  
  16  1:12  Hatchery  
  15  1:20  Drone  
  15  1:22  Drone  
  17  1:26  Extractor  
  16  1:34  Drone x2  
  18  1:44  Overlord  
  18  1:59  Queen  
  20  2:02  Drone  
  20  2:08  Drone  
  21  2:20  Drone  
  22  2:30  Drone x2  
  24  2:40  Extractor  
  24  2:42  Drone x2  
  25  2:46  Drone  
  25  2:51  Queen  
  28  2:55  Queen  
  30  3:09  Drone x6  
  36  3:20  Overlord x2  
  36  3:21  Overlord  
  36  3:33  Spore Crawler  
  35  3:36  Spore Crawler  
  35  3:38  Lair  
  34  4:03  Zergling x6  
  34  4:04  Zergling x6  
  40  4:21  Zergling x2  
  40  4:22  Zergling x6  
  44  4:25  Metabolic Boost  
  44  4:33  Extractor  
  44  4:36  Extractor, Drone x3  
  45  5:23  Hydralisk Den  
  44  5:37  Hatchery  
  43  5:44  Zergling x10  
  43  5:45  Zergling x8  
  52  6:05  Overlord  
  52  6:06  Overlord  
  52  6:08  Overlord x2  
  52  6:09  Overlord  
  52  6:14  Muscular Augments  
  52  6:23  Queen  
  54  6:26  Drone  
  54  6:27  Drone x6  
  61  6:43  Drone x2  
  61  6:44  Drone x3  
  66  7:12  Hydralisk  
  66  7:13  Hydralisk x9  
  81  7:27  Drone  
  81  7:28  Drone x4  
  86  7:48  Hydralisk x6  
  86  7:51  Overlord x5  
  98  8:16  Hydralisk x9  
  116  8:23  Lurker Den  
  116  8:54  Hatchery  
  115  9:14  Drone x17  
  116  9:32  Hydralisk x6  
  86  9:57  Hydralisk x7  
  86  9:58  Hydralisk x2  
  98  10:15  Extractor  
  98  10:16  Extractor  
  96  10:36  Hydralisk x13  
  120  11:05  Zergling x18  
  129  11:17  Evolution Chamber  
  128  11:18  Evolution Chamber  
  127  11:32  Zergling x8  
  131  11:33  Zergling x16  
  94  11:59  Zergling x2  
  94  12:00  Zergling x24  
  87  12:05  Zergling x8  
  91  12:11  Zergling x6  
Show
View Real Time Build Order
Export as new Build Order

Roshyo Protoss - Winner!

Build Orders: Oracle Opening 

Get SALT Encoding   

  12  0:01  Probe (Chrono Boost)  
  13  0:12  Probe (Chrono Boost)  
  14  0:19  Pylon  
  14  0:22  Probe (Chrono Boost)  
  15  0:37  Probe (Chrono Boost)  
  15  0:40  Gateway  
  16  0:48  Probe (Chrono Boost)  
  17  0:51  Assimilator  
  17  0:57  Assimilator  
  17  0:58  Probe (Chrono Boost)  
  18  1:09  Probe (Chrono Boost)  
  19  1:12  Pylon  
  19  1:30  Zealot  
  19  1:31  Pylon  
  21  1:35  Probe (Chrono Boost), Cybernetics Core  
  22  1:45  Probe (Chrono Boost)  
  23  1:57  Probe (Chrono Boost), Zealot  
  26  2:08  Probe (Chrono Boost)  
  27  2:25  Stargate  
  27  2:36  Warp Gate (Chrono Boost)  
  27  2:42  Pylon  
  27  2:45  Stalker  
  27  2:47  Pylon  
  29  2:59  Gateway  
  29  3:10  Nexus  
  30  3:20  Mothership Core  
  30  3:23  Stalker  
  32  3:38  Oracle  
  35  3:49  Stalker  
  35  3:53  Adept  
  39  4:12  Probe (Chrono Boost)  
  40  4:19  Stalker (Chrono Boost)  
  42  4:24  Probe (Chrono Boost)  
  42  4:30  Assimilator  
  43  4:36  Probe  
  43  4:37  Probe  
  45  4:42  Stalker  
  47  4:47  Assimilator  
  47  4:48  Probe  
  47  4:49  Probe  
  49  4:57  Pylon  
  49  5:00  Pylon  
  46  5:23  Robotics Facility x2  
  46  5:29  Stalker  
  46  5:31  Sentry  
  46  5:34  Probe x2  
  52  5:46  Probe x2  
  54  5:51  Pylon  
  54  5:54  Oracle  
  57  6:04  Stalker  
  57  6:05  Sentry  
  61  6:20  Robotics Bay  
  61  6:29  Observer  
  62  6:35  Probe x2  
  64  6:45  Stalker x2  
  64  6:47  Probe x2  
  70  6:59  Probe x2  
  70  7:01  Immortal  
  76  7:18  Pylon  
  76  7:21  Probe x2  
  78  7:26  Stalker  
  78  7:27  Sentry, Pylon  
  82  7:31  Pylon  
  82  7:34  Extended Thermal Lance (Chrono Boost)  
  82  7:47  Colossus  
  88  8:08  Colossus  
  88  8:09  Gateway  
  94  8:30  Stalker  
  94  8:31  Stalker  
  98  8:34  Nexus  
  98  8:41  Pylon  
  98  8:43  Pylon  
  98  8:49  Immortal  
  102  8:59  Forge  
  102  9:10  Stalker  
  102  9:11  Stalker  
  102  9:13  Adept  
  108  9:19  Probe x2  
  87  9:42  Probe x2  
  61  9:54  Probe x2  
  61  9:55  Stalker x3  
  61  9:57  Colossus  
  75  10:04  Protoss Shields Level 1  
  75  10:05  Colossus  
  75  10:06  Probe  
  82  10:14  Probe  
  82  10:16  Probe  
  82  10:18  Probe  
  82  10:20  Assimilator  
  85  10:23  Assimilator  
  85  10:25  Probe  
  86  10:28  Probe  
  86  10:29  Sentry  
  86  10:30  Sentry  
  86  10:31  Probe  
  86  10:33  Stalker  
  94  11:02  Stalker  
  94  11:03  Stalker x2  
  100  11:06  Colossus (Chrono Boost)  
  112  11:13  Colossus (Chrono Boost)  
  112  11:15  Probe  
  112  11:17  Probe x2  
  115  11:26  Probe  
  115  11:30  Stalker x3  
  122  11:34  Void Ray  
  126  11:45  Pylon  
  124  11:49  Pylon  
  124  11:53  Pylon  
  96  12:01  Stalker x2  
  96  12:02  Stalker  
  108  12:35  Stalker  
Tags
 
Add a new tag
Caveats
  • Supply blocks, unpowered buildings, or Contaminate may cause inaccurate times.
  • Supply counts are checked every 10 seconds.